 Dungeon Crawl Stone Soup version 0.30.0-19-g36f170ea60 (webtiles) character file.

Game seed: 6964276185432828194

268 Ijustatesigmund the Cudgeller (level 6, -6/58 HPs)
             Began as a Gargoyle Gladiator on May 30, 2023.
             Mangled by Pikel
             ... wielding a +1 whip of electrocution
              (19 damage)
             ... on level 3 of the Dungeon.
             The game lasted 00:06:08 (2700 turns).

Ijustatesigmund the Cudgeller (Gargoyle Gladiator)  Turns: 2700, Time: 00:06:08

Health: -6/58      AC: 23    Str: 17    XL:     6   Next: 21%
Magic:  6/6        EV:  2    Int: 11    God:
Gold:   112        SH:  0    Dex: 11    Spells: 5/5 levels left

rFire   . . .        a - +0 flail
rCold   . . .        (no shield)
rNeg    + . .        b - melded +0 plate armour
rPois   ∞            c - melded +1 helmet
rElec   .            (cloak currently unavailable)
rCorr   .            (gloves currently unavailable)
SInv    .            (boots currently unavailable)
Will    .....        (no amulet)
Stlth   +            (no ring)
HPRegen 0.29/turn    (no ring)
MPRegen 0.10/turn

%: no passive effects
@: tree-form
A: stationary, stasis, torment immunity, boosted hp, sickness immunity, AC +4,
negative energy resistance 1, (electricity resistance), torment resistance 1,
petrification resistance
a: no special abilities


You were on level 3 of the Dungeon.
You were a tree.
You visited 1 branch of the dungeon, and saw 4 of its levels.

You collected 123 gold pieces.
You spent 11 gold pieces at shops.

Inventory:

Hand Weapons
 a - a +0 flail (weapon)
Missiles
 d - 3 throwing nets
 e - a javelin
 f - 4 datura-tipped darts (quivered)
 n - 3 curare-tipped darts
Armour
 b - a +0 plate armour (melded)
 c - a +1 helmet (melded)
 g - a +1 pair of gloves
 m - an orb of energy
Scrolls
 h - a scroll of enchant armour
 i - a scroll of fear
 j - a scroll of fog
 q - a scroll of teleportation
Potions
 o - a potion of lignification


   Skills:
 + Level 4.3 Fighting
 + Level 4.6 Maces & Flails
 - Level 1.7 Throwing
 + Level 3.4 Armour
 - Level 2.4 Dodging


You had 5 spell levels left.
You didn't know any spells.
Your spell library contained the following spells:

 Spells                   Type           Power      Damage    Failure   Level
 Necrotise                Necr           0%         1d4       34%         1
 Sandblast                Erth           0%         2d4       34%         1
 Sting                    Tmut/Pois      0%         1d3       34%         1
 Portal Projectile        Hex/Tloc       0%         N/A       71%         3
 Tukima's Dance           Hex            0%         N/A       71%         3
 Blade Hands              Tmut           0%         N/A       100%        5


Dungeon Overview and Level Annotations

Branches:
Dungeon (4/15)             Temple (0/1) D:4

Altars:
Fedhas
Uskayaw

Shops:
D:2 !

Annotations:
D:3 Pikel


Innate Abilities, Weirdness & Mutations

You are a tree.
Your roots penetrate the ground, keeping you stationary.
You cannot be teleported.
You are immune to unholy pain and torment.
Your maximum health is greatly increased.
Your equipment is partially melded.
You are immune to sickness and miasma.
((Your stone body is resilient. (AC +4)))
You are immune to poison.
You resist negative energy. (rN+)
((You are resistant to electric shocks. (rElec)))
You are resistant to unholy torment.
You are immune to petrification.


Message History

You barely miss Pikel.
Pikel is moderately wounded.
Pikel hits you but does no damage.
You hit Pikel but do no damage.
Pikel is moderately wounded.
Pikel hits you with a +1 whip of electrocution.
You are electrocuted!
You hit Pikel.
Pikel is moderately wounded.
Pikel barely misses you.
You sock Pikel!
Pikel is heavily wounded.
Pikel says, "I'm sure the Orcish Mines are around here somewhere..."
Pikel completely misses you.
You hit Pikel but do no damage.
Pikel is heavily wounded.
Pikel barely misses you.
Pikel hits you with a +1 whip of electrocution.
You hit Pikel but do no damage.
Pikel is heavily wounded.
Pikel hits you but does no damage.
You are electrocuted!!
* * * LOW HITPOINT WARNING * * *
You barely miss Pikel.
Pikel is heavily wounded.
Pikel hits you but does no damage.
You closely miss Pikel.
Pikel is heavily wounded.
Pikel says, "Hell isn't that bad."
Pikel completely misses you.
Okay, then.
You closely miss Pikel.
Pikel is heavily wounded.
Pikel hits you but does no damage.
You hit Pikel but do no damage.
Pikel is heavily wounded.
Pikel barely misses you.
You hit Pikel.
Pikel is heavily wounded.
Pikel hits you but does no damage. x2; You are electrocuted!!
You die...

#.....# #.# #.# #.##.#
#.#.#.# #.# #.###.##.#
#.....## #.# #.##.....#
#..#...# #.# #.##..####
##.....# ###<#######.##..#
###..#..# #...............#
##....#..###.#.........##.##
#.........##.#K##########.#
#...#####.....♣# #.#
#....###.......# #.#
#.#...#...#..### #.#
#.##.....##...# #.#
#.###.÷.###.#.# #.#
#.##.....##.#.# ##.##
#.#...#...#.#.# ##.#)##
#....###....#.# #.###.#
##..#####..##.# ##.#.##


You could see Pikel.

Vanquished Creatures
  A phantom (D:4)
  A lemure (D:4)
  A scorpion (D:3)
  5 adders (D:3)
  4 worms
  A dart slug (D:2)
  2 orcs (D:3)
  7 bats
  5 endoplasms
  3 giant cockroaches
  6 goblins
  6 hobgoblins
  3 jackals (D:1)
  8 kobolds
  5 quokkas
  6 ball pythons
  4 frilled lizards
  7 rats
75 creatures vanquished.

Vanquished Creatures (collateral kills)
  An endoplasm (D:3)
  A goblin (D:1)
  A frilled lizard (D:3)
3 creatures vanquished.

Vanquished Creatures (others)
  A bat (D:3)
  A quokka (D:3)
2 creatures vanquished.

Grand Total: 80 creatures vanquished

Notes
Turn   | Place    | Note
-------+----------+-------------------------------------------
     0 | D:1      | Ijustatesigmund the Gargoyle Gladiator began the quest for
                  | the Orb.
     0 | D:1      | Reached XP level 1. HP: 12/12 MP: 1/1
    22 | D:1      | Found a faded altar of an unknown god.
   121 | D:1      | Got Peylijuh's Even Amateurs Can Use the Histories of
                  | Mysteries!
   174 | D:1      | Reached XP level 2. HP: 18/18 MP: 2/2
   467 | D:1      | Reached skill level 1 in Armour
   619 | D:2      | Found Vohias's Distillery.
   627 | D:2      | Reached XP level 3. HP: 16/22 MP: 3/3
   659 | D:2      | Bought a potion of degeneration for 11 gold pieces
   996 | D:2      | Found a blossoming altar of Fedhas.
  1664 | D:3      | Reached XP level 4. HP: 28/28 MP: 4/4
  2108 | D:3      | Reached XP level 5. HP: 32/32 MP: 5/5
  2480 | D:4      | Noticed a phantom
  2498 | D:4      | Killed a phantom
  2499 | D:4      | Reached XP level 6. HP: 20/39 MP: 6/6
  2640 | D:4      | Found a hide-covered altar of Uskayaw.
  2640 | D:4      | Noticed Pikel
  2700 | D:3      | Mangled by Pikel

Illustrated notes

Levels and vault maps discovered:
D:1:      lemuel_arrival_behind_the_door_small, layout_rooms,
          hellmonk_ecumenical_altar_crossroads, grunt_decor_one_mirror
D:2:      kb_forest_paths, layout_loops_ring, serial_shops, shop, basic_altar,
          eino_tiny_chamber, chequers_serial_rivers_large_a,
          palyth_stone_intersect
D:3:      corexii_shack_village, layout_loops_ring, minmay_circle_x
D:4:      layout_rooms, nicolae_uskayaw_dance_hall,
          mainiacjoe_overflow_tiny_flanked,
          minmay_temple_entry_drinking_statues, hangedman_decor_points,
          lightli_corner_chamber, uniq_edmund, uniq_pikel

Skill      XL: |  1  2  3  4  5 |
---------------+----------------+-----
Armour         | 1 2 3 |  3.4
Fighting       | 3 4 |  4.3
Maces & Flails | 4 |  4.6
Throwing       | |  1.7
Dodging        | |  2.4

Action                     |  1- 3 |  4- 6 || total
---------------------------+-------+-------++-------
  Melee: Flail             |   142 |   159 ||   301
         Punch             |       |     3 ||     3
  Throw: Dart              |     4 |     4 ||     8
    Use: Scroll            |       |     8 ||     8
         Potion            |       |     1 ||     1
 Armour: Leather armour    |     6 |       ||     6
         Plate armour      |   119 |   107 ||   226
         Skin              |       |    12 ||    12
  Dodge: Dodged            |    46 |    32 ||    78
